 Dungeon Crawl Stone Soup version 0.22-a0-196-gee22f27 (webtiles) character file.

4382 vishdafish the Martial Artist (level 10, -1/77 HPs)
             Began as a Demonspawn Gladiator on Feb 17, 2018.
             Was a High Priest of Cheibriados.
             Slain by a large abomination (29 damage)
             ... on level 2 of the Abyss.
             The game lasted 00:15:00 (6317 turns).

vishdafish the Martial Artist (DsGl)                Turns: 6317, Time: 00:15:01

Health: -1/77      AC:  7    Str: 26    XL:     10   Next: 13%
Magic:  0/14       EV: 18    Int: 23    God:    Cheibriados [*****.]
Gold:   325        SH:  0    Dex: 26    Spells: 9/9 levels left

rFire    . . .     SeeInvis .     - Unarmed
rCold    + + .     Gourm    .   (no shield)
rNeg     . . .     Faith    .   d - +2 leather armour {rC+}
rPois    .         Spirit   +   c - +0 helmet
rElec    .         Reflect  .   x - +0 cloak
rCorr    .         Harm     .   (no gloves)
MR       .....                  (no boots)
Stlth    ++........             q - amulet of regeneration
HPRegen  0.62/turn              (no ring)
MPRegen  0.28/turn              (no ring)

@: very slow
A: claws 1, hooves 2, cold resistance 1, magic shield, magic regeneration,
freezing cloud immunity
a: Bend Time, Temporal Distortion, Slouch, Step From Time, Renounce Religion


You were on level 2 of the Abyss.
You worshipped Cheibriados.
Cheibriados was extremely pleased with you.
You were hungry.

You visited 1 branch of the dungeon, and saw 7 of its levels.
You visited the Abyss 1 time.

You collected 325 gold pieces.

Inventory:

Hand Weapons
 a - a +1 long sword
Armour
 c - a +0 helmet (worn)
 d - a +2 leather armour of cold resistance (worn)
 v - a +0 ring mail
 x - a +0 cloak (worn)
Jewellery
 n - an uncursed amulet of the gourmand
 q - an amulet of regeneration (around neck)
Wands
 r - a wand of flame (13)
 y - a wand of paralysis (12)
Scrolls
 b - a scroll of immolation {unknown}
 h - 2 scrolls of fog
 j - 2 scrolls of random uselessness {unknown}
 k - a scroll of amnesia
 m - 5 scrolls of enchant armour
 p - a scroll of noise {unknown}
 z - a scroll of teleportation {unknown}
 B - a scroll of remove curse
 C - a scroll of fear {unknown}
Potions
 g - a potion of magic {unknown}
 i - a potion of agility
 l - a potion of haste
 o - a potion of mutation {unknown}
 s - 5 potions of curing
 t - 2 potions of flight
 u - a potion of heal wounds
 w - 4 potions of lignification {unknown}
 A - a potion of cancellation {unknown}
Comestibles
 f - 8 rations


   Skills:
 - Level 6.7 Fighting
 - Level 4.1 Long Blades
 - Level 1.8 Throwing
 + Level 3.0 Armour
 - Level 6.2 Dodging
 * Level 8.8 Unarmed Combat
 * Level 5.7 Invocations


You had 9 spell levels left.
You didn't know any spells.

Dungeon Overview and Level Annotations

Branches:
Dungeon (7/15)             Temple (0/1) D:4

Altars:
Cheibriados
Gozag
Sif Muna
Yredelemnul

Shops:
D:5 =   D:7 :[=


Innate Abilities, Weirdness & Mutations

You have sharp fingernails.
You have hoof-like feet.
Your flesh is cold resistant. (rC+)
When hurt, damage is shared between your health and your magic reserves.
You regenerate magic rapidly.
You are immune to freezing clouds.


Message History

A smoke demon comes into view.
The large abomination hits you!! x2
* * * LOW HITPOINT WARNING * * *
The smoke demon roars!
You are too injured to fight recklessly!
Unknown command.
You feel much better. The smoke demon barely misses you.
The smoke demon hits you but does no damage.
The smoke demon misses you.
The large abomination closely misses you.
You are too injured to fight recklessly!
You are too injured to fight recklessly!
You are too injured to fight recklessly!
Unknown command.
The smoke demon gestures at you. Something smites you!
You completely miss the large abomination.
You kick the large abomination, but do no damage.
The large abomination hits you!!
You die...

..# #..# #≈
#..##..#
#≈≈≈##..#...
#≈≈ ≈#..#..#
# #≈
≈##..#..# .#
#≈≈ #..##..
#.# ## ##..#
.#..#
#..###...#
#...@X3.#
#..######
#..# ###. #


You could see a large abomination and a smoke demon.

Vanquished Creatures
  A wizard (D:7)
  The ghost of vishdafish the Bolt Thrower, a novice DsHu (D:5)
  Grinder (D:3)
  Eustachio (D:4)
  Edmund (D:6)
  3 insubstantial wisps (Abyss:2)
  An orc warrior (D:6)
  Duvessa (D:5)
  2 ice beasts
  A phantom (D:5)
  A sky beast (D:5)
  4 ogres
  A centaur (D:7)
  2 big kobolds (D:4)
  Blork the orc (D:5)
  4 bullfrogs (D:7)
  Dowan (D:5)
  5 scorpions
  The ghost of vishdafish the Bolt Thrower, a weakling DsHu (D:3)
  4 howler monkeys
  2 crimson imps (D:7)
  A centaur zombie (D:7)
  A jelly (D:6)
  Crazy Yiuf (D:5)
  A hound (D:5)
  An iguana (D:7)
  Terence (D:3)
  3 orc wizards
  5 worker ants
  2 hound skeletons (D:4)
  5 gnolls (D:7)
  2 worker ant zombies
  9 adders
  3 oozes
  3 worms (D:2)
  5 dart slugs
  8 leopard geckos
  16 orcs
  3 ball pythons
  3 giant cockroaches
  5 goblins
  11 hobgoblins
  2 jackals (D:2)
  16 kobolds
  4 quokkas
  9 bats
  4 frilled lizards
  A jackal skeleton (D:4)
  12 rats
  A spectral orc (D:6)
177 creatures vanquished.

Notes
Turn   | Place    | Note
-------+----------+-------------------------------------------
     0 | D:1      | vishdafish the Demonspawn Gladiator began the quest for the Orb.
     0 | D:1      | Reached XP level 1. HP: 16/16 MP: 1/1
   148 | D:1      | Gained mutation: You have large cloven feet. [demonic ancestry]
   148 | D:1      | Reached XP level 2. HP: 15/22 MP: 2/2
   537 | D:1      | Gained mutation: You have sharp fingernails. [demonic ancestry]
   537 | D:1      | Reached XP level 3. HP: 28/28 MP: 3/3
  1222 | D:2      | Reached skill level 1 in Unarmed Combat
  1222 | D:2      | Reached XP level 4. HP: 33/34 MP: 4/4
  1375 | D:2      | Noticed an ogre
  1384 | D:2      | Killed an ogre
  1384 | D:2      | Gained mutation: When hurt, damage is shared between your health and your magic reserves. [demonic ancestry]
  1384 | D:2      | Reached XP level 5. HP: 39/41 MP: 5/5
  1919 | D:3      | Found a snail-covered altar of Cheibriados.
  1942 | D:3      | Became a worshipper of Cheibriados the Contemplative
  2024 | D:3      | Noticed vishdafish's ghost (weakling DsHu)
  2030 | D:3      | Killed vishdafish's ghost
  2030 | D:3      | Reached skill level 2 in Unarmed Combat
  2091 | D:3      | Reached * piety under Cheibriados
  2148 | D:3      | Noticed Terence
  2155 | D:3      | Killed Terence
  2155 | D:3      | Gained mutation: Your flesh is cold resistant. (rC+) [demonic ancestry]
  2155 | D:3      | Reached XP level 6. HP: 47/47 MP: 6/6
  2471 | D:3      | Noticed Grinder
  2472 | D:3      | Paralysed by something for 3 turns
  2484 | D:3      | Paralysed by something for 2 turns
  2488 | D:3      | Killed Grinder
  2488 | D:3      | Reached skill level 3 in Unarmed Combat
  2784 | D:3      | Found an opulent altar of Gozag.
  2928 | D:4      | Found a staircase to the Ecumenical Temple.
  3054 | D:4      | Gained mutation: You are immune to freezing clouds. [demonic ancestry]
  3054 | D:4      | Reached XP level 7. HP: 45/54 MP: 5/7
  3430 | D:4      | Noticed Eustachio
  3440 | D:4      | Killed Eustachio
  3440 | D:4      | Reached skill level 4 in Unarmed Combat
  3559 | D:4      | Reached ** piety under Cheibriados
  3722 | D:4      | Found a deep blue altar of Sif Muna.
  4006 | D:5      | Entered Level 5 of the Dungeon
  4006 | D:5      | Noticed Duvessa
  4006 | D:5      | Noticed Dowan
  4010 | D:5      | Killed Dowan
  4019 | D:5      | Killed Duvessa
  4019 | D:5      | Reached skill level 5 in Fighting
  4019 | D:5      | Reached skill level 5 in Dodging
  4019 | D:5      | Reached skill level 5 in Unarmed Combat
  4019 | D:5      | Gained mutation: You have hoof-like feet. [demonic ancestry]
  4019 | D:5      | Reached XP level 8. HP: 43/62 MP: 4/8
  4073 | D:5      | Got a pair of faintly glowing gloves
  4079 | D:5      | Identified the cursed +0 pair of gloves of Piogoto {Int+2} (You found it on level 5 of the Dungeon)
  4199 | D:5      | Found Uritz's Jewellery Emporium.
  4230 | D:5      | Noticed Blork the orc
  4239 | D:5      | Killed Blork the orc
  4271 | D:5      | Noticed vishdafish's ghost (novice DsHu)
  4296 | D:5      | Killed vishdafish's ghost
  4296 | D:5      | Reached skill level 6 in Unarmed Combat
  4519 | D:5      | Reached *** piety under Cheibriados
  4548 | D:5      | Found a runed door.
  4552 | D:5      | Noticed Crazy Yiuf
  4555 | D:5      | Killed Crazy Yiuf
  4716 | D:5      | Reached XP level 9. HP: 69/69 MP: 7/9
  4865 | D:5      | Reached skill level 7 in Unarmed Combat
  5088 | D:6      | Noticed Edmund
  5095 | D:6      | Killed Edmund
  5323 | D:7      | Found Buduvaf's Antique Armour Emporium.
  5407 | D:6      | Reached skill level 1 in Armour
  5685 | D:6      | Found a basalt altar of Yredelemnul.
  5840 | D:7      | Reached skill level 1 in Invocations
  5885 | D:7      | Reached **** piety under Cheibriados
  5918 | D:7      | Reached skill level 8 in Unarmed Combat
  6062 | D:7      | Found Zifiuritt's Book Emporium.
  6203 | D:7      | Noticed a wizard
  6204 | D:7      | Found Plog's Jewellery Shop.
  6242 | D:7      | Noticed a wizard
  6243 | D:7      | Noticed a wizard
  6268 | D:7      | Killed a wizard
  6268 | D:7      | Reached skill level 5 in Invocations
  6268 | D:7      | Gained mutation: You regenerate magic rapidly. [demonic ancestry]
  6268 | D:7      | Reached XP level 10. HP: 77/77 MP: 13/13
  6269 | D:7      | Cast into level 2 of the Abyss (a wizard)
  6310 | Abyss:2  | Reached ***** piety under Cheibriados
  6314 | Abyss:2  | Noticed a smoke demon
  6317 | Abyss:2  | Slain by a large abomination

Vault maps used:
D:1:      sevenhm_arrival_forest_fort_large_4
D:2:      st_stairs_8, minmay_misc_feat_nine_boxes
D:3:      kennysheep_slug_shrine, grunt_gozag_statues, uniq_terence,
          uniq_grinder
D:4:      cheibrodos_thug_alley, nicolae_overflow_hidden_temple, temple_pool_b,
          uniq_eustachio
D:5:      serial_shops, shop, first_ration, uniq_crazy_yiuf_cottage,
          uniq_blork_the_orc, uniq_duvessa
D:6:      yredelemnul_forgotten_temple_becter, moated_statue, uniq_edmund
D:7:      cheibrodos_wizards_tower, serial_shops, kennysheep_mini,
          shop_fountains, nicolae_shop_overgrown_old_shop

Skill      XL: |  1  2  3  4  5  6  7  8  9 10 |
---------------+-------------------------------+-----
Long Blades    | 3 4 |  4.1
Dodging        | 3 4 5 6 |  6.2
Unarmed Combat | 1 2 3 5 6 8 |  8.8
Fighting       | 3 4 5 6 |  6.7
Armour         | 2 3 |  3.0
Invocations    | 5 |  5.7
Throwing       | |  1.8

Action                   |  1- 3 |  4- 6 |  7- 9 | 10-12 || total
-------------------------+-------+-------+-------+-------++-------
Melee: Long sword        |    75 |   130 |    86 |       ||   291
       Kick              |    16 |    53 |   129 |     8 ||   206
       Punch             |       |     2 |    14 |       ||    16
       Unarmed           |       |       |   173 |    12 ||   185
Throw: Javelin           |     2 |       |    25 |       ||    27
       Throwing net      |       |     2 |     1 |       ||     3
Invok: Bend Time         |       |       |     1 |       ||     1
Evoke: Wand              |       |       |    10 |     1 ||    11
  Use: Potion            |       |     3 |     2 |     1 ||     6
       Scroll            |       |       |    11 |       ||    11
 Stab: Held in net/web   |       |     1 |     2 |       ||     3
       Sleeping          |       |       |     1 |       ||     1
  Eat: Chunk             |     1 |     4 |     2 |       ||     7
       Ration            |       |       |     1 |       ||     1
Armor: Leather armour    |    12 |    30 |    56 |     2 ||   100
Dodge: Dodged            |    39 |    74 |   233 |    10 ||   356
       Rpst.: Long sword |    15 |    24 |    29 |       ||    68

Table legend:
 A = Spawn XP
 B = Non-spawn XP
 C = Spawn XP percentage of total XP
 D = Spawn monster count
 E = Non-spawn monster count
 F = Spawn count percentage of total count
 G = Total turns spent on level
                    A         B        C        D         E        F      G
               +---------+---------+-------+---------+---------+-------+---------
         Total |     484 |    5776 |   7.7 |       3 |     174 |   1.7 |  6317
               +---------+---------+-------+---------+---------+-------+---------
           D:1 |       0 |      64 |   0.0 |       0 |      25 |   0.0 |   986
           D:2 |       0 |     179 |   0.0 |       0 |      29 |   0.0 |   888
           D:3 |       0 |     471 |   0.0 |       0 |      29 |   0.0 |   983
           D:4 |       0 |     628 |   0.0 |       0 |      20 |   0.0 |  1149
           D:5 |       0 |    1784 |   0.0 |       0 |      23 |   0.0 |   957
           D:6 |       0 |     640 |   0.0 |       0 |      21 |   0.0 |   800
           D:7 |       0 |    2010 |   0.0 |       0 |      27 |   0.0 |   506
       Abyss:2 |     484 |       0 | 100.0 |       3 |       0 | 100.0 |    48
               +---------+---------+-------+---------+---------+-------+---------
